 Dungeon Crawl Stone Soup version 0.24-a0-762-gca426f56c8 (webtiles) character file.

Game seed: 16091984011656301241, levelgen mode: deterministic

46 Argons the Sneak (level 3, 19/19 HPs)
             Began as a Kobold Wizard on Oct 3, 2019.
             Quit the game on level 3 of the Dungeon.
             The game lasted 00:11:22 (2191 turns).

Argons the Sneak (Kobold Wizard)                    Turns: 2191, Time: 00:11:22

Health: 19/19      AC:  4    Str:  4    XL:     3   Next: 95%
Magic:  8/8        EV: 15    Int: 20    God:
Gold:   76         SH:  0    Dex: 13    Spells: 5/10 levels left

rFire    . . .     SeeInvis .   (weapon restricted)
rCold    . . .     Gourm    .   (shield restricted)
rNeg     . . .     Faith    .   a - +0 robe
rPois    .         Spirit   .   b - +0 hat
rElec    .         Reflect  .   h - +0 cloak
rCorr    .         Harm     .   (no gloves)
MR       .....                  m - +0 pair of boots
Stlth    +++.......             (no amulet)
HPRegen  0.06/turn              (no ring)
MPRegen  0.11/turn              (no ring)

@: no status effects
A: small, carnivore
a: no special abilities


You were on level 3 of the Dungeon.
You were completely stuffed.

You visited 1 branch of the dungeon, and saw 3 of its levels.

You collected 76 gold pieces.

Inventory:

Armour
 a - a +0 robe (worn)
 b - a +0 hat (worn)
 h - a +0 cloak (worn)
 m - a +0 pair of boots (worn)
Jewellery
 e - an uncursed amulet of magic regeneration {unknown}
 f - an uncursed ring of protection from magic {unknown}
 i - a cursed -3 ring of evasion {unknown}
 k - a +5 ring of evasion {unknown}
Scrolls
 j - 2 scrolls of identify
Potions
 g - 2 potions of agility
Comestibles
 c - a chunk of flesh
 d - 5 rations


   Skills:
 - Level 2.4 Dodging
 + Level 4.3 Stealth
 + Level 4.1 Spellcasting
 - Level 1.0 Conjurations
 - Level 1.0 Summonings
   Level 1.0 Translocations


You had 5 spell levels left.
You knew the following spells:

 Your Spells              Type           Power        Failure   Level  Hunger
a - Magic Dart            Conj           #...         9%          1    None
b - Call Imp              Summ           #.......     13%         2    #......
c - Slow                  Hex            #.......     19%         2    #......

Your spell library contained the following spells:

 Spells                   Type           Power        Failure   Level  Hunger
 Blink                    Tloc           N/A          13%         2    #......
 Conjure Flame            Conj/Fire      #.......     30%         3    ###....
 Mephitic Cloud           Conj/Pois/Air  #.......     32%         3    ###....


Dungeon Overview and Level Annotations

Branches:
Dungeon (3/15)

Altars:

Annotations:
D:2 Jessica, Natasha


Innate Abilities, Weirdness & Mutations

You are small and have problems with some larger weapons.
You are carnivorous and can eat meat at any time.


Message History

You feel sick. The adder bites you.
You barely miss the adder.
The adder is almost dead.
The adder bites you but does no damage.
You hit the adder.
You kill the adder!
You see here an adder corpse.
You butcher the adder corpse.
You feel sick.
c - a chunk of flesh You see here an adder skeleton.
You start resting.
You feel sick.
You are no longer poisoned.
You start resting.
Your magical contamination has completely faded away.
You start resting.
Magic restored.
You start resting.
HP restored.
Are you sure you want to abandon this character and quit the game? (Confirm with "yes".)

#.# #.# #.# #.# #.###
###>..####.#
#..........#
#.#.##.#####
#########.#@##.##
#......##.#.##..#
#.####.##.#.###.##
#.#..#.##.#.# #..#
#.#<....#.#.# ##.#
#.#######.#.# #.#
#.........#.# #.##
###########.# #..#
########.#####.#.####


There were no monsters in sight!

Vanquished Creatures
  An adder (D:3)
  A leopard gecko (D:1)
  3 goblins (D:1)
  6 hobgoblins
  2 jackals (D:1)
  A ball python (D:2)
  9 bats
  4 frilled lizards
  A kobold (D:2)
  8 rats
36 creatures vanquished.

Vanquished Creatures (collateral kills)
  2 jackals (D:1)
2 creatures vanquished.

Grand Total: 38 creatures vanquished

Notes
Turn   | Place    | Note
-------+----------+-------------------------------------------
     0 | D:1      | Argons the Kobold Wizard began the quest for the Orb.
     0 | D:1      | Reached XP level 1. HP: 10/10 MP: 4/4
   247 | D:1      | Reached XP level 2. HP: 15/15 MP: 1/6
   397 | D:1      | Learned a level 2 spell: Call Imp
   400 | D:1      | Learned a level 2 spell: Slow
   617 | D:1      | You fall into a shaft and drop 1 floor!
  1026 | D:1      | Reached XP level 3. HP: 19/19 MP: 5/8
  1700 | D:2      | Noticed Natasha
  1917 | D:2      | Noticed Jessica
  2191 | D:3      | Quit the game

Levels and vault maps discovered:
D:1:      zaba_arrival_water, layout_loops_cross
D:2:      layout_rooms, chequers_serial_rivers_small_b, grunt_ministairs_14,
          uniq_jessica, uniq_natasha
D:3:      layout_basic, uniq_ijyb, uniq_sigmund

Skill      XL: |  1  2  3 |
---------------+----------+-----
Stealth        | 3 4 |  4.3
Spellcasting   | 4 |  4.1
Dodging        | |  2.4
Conjurations   | |  1.0
Summonings     | |  1.0
Translocations | |  1.0

Action                   || total
-------------------------++-------
Melee: Unarmed           ||    45
 Cast: Magic Dart        ||    91
       Call Imp          ||     1
  Use: Scroll            ||     5
       Potion            ||     3
  Eat: Chunk             ||    12
Armor: Robe              ||    14
Dodge: Dodged            ||    70

Table legend:
 A = Non-vault XP
 B = Vault XP
 C = Vault XP percentage of total XP
 D = Non-vault monster count
 E = Vault monster count
 F = Vault count percentage of total count
                 A         B        C        D         E       F
            +---------+---------+-------+---------+---------+-------
      Total |      67 |       0 |   0.0 |      38 |       0 |   0.0
            +---------+---------+-------+---------+---------+-------
        D:1 |      40 |       0 |   0.0 |      26 |       0 |   0.0
        D:2 |      10 |       0 |   0.0 |       8 |       0 |   0.0
        D:3 |      17 |       0 |   0.0 |       4 |       0 |   0.0
            +---------+---------+-------+---------+---------+-------
